 Dungeon Crawl Stone Soup version 0.23.2-40-g277498a (webtiles) character file.

Game seed: 10809055199647236005

177 zhovat1 the Magician (level 5, 0/30 HPs)
             Began as a Deep Elf Earth Elementalist on Aug 16, 2019.
             Succumbed to an adder's poison
             ... in a sewer.
             The game lasted 00:04:26 (2625 turns).

zhovat1 the Magician (Deep Elf Earth Elementalist)  Turns: 2625, Time: 00:04:27

Health: 0/30       AC:  3    Str: 10    XL:     5   Next: 31%
Magic:  2/13       EV: 14    Int: 21    God:
Gold:   116        SH:  0    Dex: 15    Spells: 8/12 levels left

rFire    . . .     SeeInvis .   h - +0 club
rCold    . . .     Gourm    .   (no shield)
rNeg     . . .     Faith    .   c - +1 robe
rPois    .         Spirit   .   (no helmet)
rElec    .         Reflect  .   (no cloak)
rCorr    .         Harm     .   (no gloves)
MR       .....                  (no boots)
Stlth    +.........             (no amulet)
HPRegen  0.10/turn              (no ring)
MPRegen  0.13/turn              (no ring)

@: mighty, lethally poisoned (0 -> -4), very slow
A: no striking features
a: no special abilities


You were in a sewer.
You were hungry.

You visited 1 branch of the dungeon, and saw 3 of its levels.
You also visited: Sewer.

You collected 116 gold pieces.

Inventory:

Hand Weapons
 h - a +0 club (weapon)
Armour
 c - a +1 robe (worn)
Scrolls
 i - a scroll of identify {unknown}
Comestibles
 a - 3 chunks of flesh
 d - 2 rations


   Skills:
 + Level 1.7 Fighting
 + Level 3.7 Dodging
 - Level 2.4 Stealth
 + Level 4.4 Spellcasting
 + Level 1.7 Conjurations
   Level 1.1 Transmutations
 + Level 4.2 Earth Magic


You had 8 spell levels left.
You knew the following spells:

 Your Spells              Type           Power        Failure   Level  Hunger
a - Sandblast             Erth           ###...       1%          1    None
b - Stone Arrow           Conj/Erth      ###...       10%         3    ##.....

Your spell library contained the following spells:

 Spells                   Type           Power        Failure   Level  Hunger
 Passwall                 Tmut/Erth      ###.....     6%          2    #......
 Petrify                  Tmut/Erth      ###.....     36%         4    ####...
 Lee's Rapid Deconstruct  Erth           ###.......   50%         5    ######.


Dungeon Overview and Level Annotations

Branches:
Dungeon (3/15)

Altars:
Qazlal


Message History

The adder closely misses you. The adder barely misses you.
You feel sick. The adder barely misses you.
You enter the shallow water.
Moving in this stuff is going to be slow.
The adder bites you.
* * * LOW HITPOINT WARNING * * *
You are lethally poisoned!
The adder poisons you!
* * * LOW HITPOINT WARNING * * *
You feel sick. The adder bites you.
* * * LOW HITPOINT WARNING * * *
It was a potion of cancellation.
Your magical effects are unravelling.
You feel magically purged.
Your resistance to elements expires.
The adder closely misses you. The ooze closely misses you.
It was a potion of might.
You feel very mighty all of a sudden.
You die...

#########
###≈≈≈≈≈≈≈###
##≈≈≈≈≈≈..≈.≈##
#####≈≈.J..≈≈≈≈.≈≈##
##∩##≈≈≈@S#####≈≈≈.≈##
#≈≈#.≈.≈### ###≈≈≈≈#
##.≈#≈÷÷## ##...#
#..##≈≈## ##÷≈##
#∩.#≈≈≈# #.≈≈#
#..#≈≈## ##≈.#
##.##≈≈# #≈≈##
#.≈#≈≈≈# #≈≈≈#
#≈≈#.### ##≈.#


You could see an ooze and an adder.

Vanquished Creatures
  7 adders
  3 river rats (D:3)
  2 oozes (Sewer)
  2 worms (D:3)
  6 leopard geckos
  4 orcs (D:3)
  3 ball pythons (Sewer)
  3 bats (D:2)
  4 giant cockroaches
  5 goblins
  5 hobgoblins
  4 jackals (D:2)
  A quokka (D:2)
  3 frilled lizards
  5 kobolds
  10 rats
67 creatures vanquished.

Notes
Turn   | Place    | Note
-------+----------+-------------------------------------------
     0 | D:1      | zhovat1 the Deep Elf Earth Elementalist began the quest for
                  | the Orb.
     0 | D:1      | Reached XP level 1. HP: 10/10 MP: 6/6
   399 | D:1      | Reached XP level 2. HP: 16/16 MP: 6/8
   573 | D:2      | Found a stormy altar of Qazlal.
   886 | D:2      | Reached XP level 3. HP: 20/20 MP: 8/10
   902 | D:2      | Reached skill level 1 in Fighting
   910 | D:2      | Learned a level 3 spell: Stone Arrow
  1969 | D:3      | Reached XP level 4. HP: 25/25 MP: 8/11
  2033 | D:3      | Reached skill level 1 in Conjurations
  2111 | D:3      | Found a glowing drain.
  2361 | Sewer    | Entered a sewer
  2507 | Sewer    | Reached XP level 5. HP: 24/29 MP: 9/13
  2623 | Sewer    | HP: 1/30 [adder (2)]
  2625 | Sewer    | Succumbed to an adder's poison

Skill      XL: |  1  2  3  4 |
---------------+-------------+-----
Dodging        | 3 |  3.7
Fighting       | 1 |  1.7
Conjurations   | 1 |  1.7
Earth Magic    | 4 |  4.2
Spellcasting   | 4 |  4.4
Stealth        | |  2.4
Transmutations | |  1.1

Action                   |  1- 3 |  4- 6 || total
-------------------------+-------+-------++-------
Melee: Unarmed           |     1 |       ||     1
       Club              |    62 |    23 ||    85
 Cast: Sandblast         |    37 |    49 ||    86
       Stone Arrow       |       |     4 ||     4
  Use: Scroll            |     3 |       ||     3
       Potion            |       |     4 ||     4
 Stab: Sleeping          |     3 |       ||     3
  Eat: Chunk             |     3 |     2 ||     5
Armor: Robe              |    24 |    13 ||    37
Dodge: Dodged            |    86 |    76 ||   162
